 Dungeon Crawl Stone Soup version 0.23-a0-629-gae4348f6cf (webtiles) character file.

2557 Morenatsu the Grappler (level 9, -10/56 HPs)
             Began as an Octopode Berserker on Dec 25, 2018.
             Was a Priest of Trog.
             Mangled by Harold
             ... wielding a +0 mace
              (21 damage)
             ... on level 7 of the Dungeon.
             The game lasted 00:10:00 (6518 turns).

Morenatsu the Grappler (Octopode Berserker)         Turns: 6518, Time: 00:10:01

Health: -10/56     AC:  3    Str: 17    XL:     9   Next: 56%
Magic:  9/9        EV: 18    Int:  9    God:    Trog [***...]
Gold:   306        SH:  0    Dex: 14    Spells: 8/8 levels left

rFire    . . .     SeeInvis .     - Unarmed
rCold    . . .     Gourm    .   (no shield)
rNeg     . . .     Faith    .   (helmet restricted)
rPois    .         Spirit   .   (no amulet)
rElec    .         Reflect  .   (no ring)
rCorr    .         Harm     .   (no ring)
MR       ++...                  (no ring)
Stlth    ++........             (no ring)
HPRegen  1.18/turn              (no ring)
MPRegen  0.11/turn              (no ring)
                                (no ring)
                                (no ring)

@: berserk cooldown, regenerating, slowed, very slow
A: almost no armour, stealthy swim, amphibious, 8 rings, constrict 8, iridescent
scales 1, camouflage 1, blink, gelatinous body 1
a: Blink, Berserk, Trog's Hand, Renounce Religion


You were on level 7 of the Dungeon.
You worshipped Trog.
Trog was most pleased with you.
You were not hungry.

You visited 1 branch of the dungeon, and saw 7 of its levels.

You collected 306 gold pieces.

Inventory:

Jewellery
 d - an uncursed ring of fire
 u - an uncursed ring of protection from fire
Wands
 r - a wand of random effects (13)
 t - a wand of flame (25)
Scrolls
 f - 2 scrolls of enchant armour
 g - 2 scrolls of fear
 k - 2 scrolls of identify
 p - 6 scrolls of remove curse
Potions
 b - a potion of lignification
 c - 2 potions of haste
 e - a potion of ambrosia
 h - a potion of magic
 i - a potion of heal wounds
 j - a potion of cancellation
 n - 3 potions of agility
Comestibles
 a - 9 rations


   Skills:
 - Level 3.0 Fighting
 + Level 8.8 Dodging
 - Level 10.1 Unarmed Combat


You had 8 spell levels left.
You didn't know any spells.
Your spell library was empty.

Dungeon Overview and Level Annotations

Branches:
Dungeon (7/15)             Temple (0/1) D:6

Altars:
Qazlal
Sif Muna
Uskayaw
Vehumet

Annotations:
D:7 Harold


Innate Abilities, Weirdness & Mutations

You cannot wear most types of armour.
You are very stealthy in the water. (Stealth+)
You are amphibious.
You can wear up to eight rings at the same time.
You can use your tentacles to constrict eight enemies at once.
Your skin changes colour to match your surroundings (Stealth+).
Your rubbery body absorbs attacks. (AC +1, EV +1)
You are partially covered in iridescent scales. (AC +2)
You can translocate small distances at will.


Message History

You are held in a net!
You are held in a net!
You are held in a net!
You struggle against the net.
The bullfrog hits you.
You struggle against the net.
You feel a strong urge to attack something.
The crimson imp blinks!
The ooze barely misses you. The bullfrog hits you.
You tear a large gash into the net.
You are no longer berserk.
You are exhausted.
You feel yourself slow down.
The bullfrog hits you but does no damage.
The ooze hits you but does no damage.
You are too injured to fight recklessly!
You rip the net and break free!
Harold hits you with a +0 mace! The bullfrog barely misses you.
The ooze hits you but does no damage. The bullfrog hits you!
* * * LOW HITPOINT WARNING * * *
Harold hits you with a +0 mace!!
You die...

.. ##..
..#####...
.........# .
.........# .#
.........####.#
.............#
.......J.....#
....5.@@<.#
."....F...#
..........#
..........#
..........#
..........#
..........#
.........##


You could see Harold, a bullfrog, a crimson imp and an ooze.

Vanquished Creatures
  Joseph (D:7)
  Grinder (D:5)
  Menkaure (D:6)
  Duvessa (D:5)
  2 orc warriors (D:6)
  A phantom (D:6)
  A centaur (D:6)
  An ogre (D:5)
  4 bullfrogs
  A wyvern zombie (D:6)
  Dowan (D:5)
  2 scorpions
  2 howler monkeys
  2 crimson imps
  A bullfrog zombie (D:6)
  2 jellies
  A hound (D:5)
  3 orc priests
  3 bullfrog skeletons
  2 centaur skeletons
  An iguana (D:6)
  2 orc wizards (D:6)
  A worker ant (D:4)
  3 killer bee zombies (D:6)
  3 worker ant zombies (D:6)
  6 adders
  2 adder zombies (D:6)
  A worm (D:2)
  A dart slug (D:1)
  9 leopard geckos
  20 orcs
  10 bats
  3 giant cockroaches
  3 goblins
  10 hobgoblins
  9 jackals (D:6)
  6 quokkas
  A ball python (D:4)
  A ball python skeleton (D:5)
  7 frilled lizards
  6 kobolds (D:1)
  A leopard gecko skeleton (D:6)
  A quokka skeleton (D:6)
  6 rats
146 creatures vanquished.

Notes
Turn   | Place    | Note
-------+----------+-------------------------------------------
     0 | D:1      | Morenatsu the Octopode Berserker began the quest for the
                  | Orb.
     0 | D:1      | Reached XP level 1. HP: 16/16 MP: 1/1
   159 | D:1      | Reached XP level 2. HP: 20/21 MP: 2/2
   715 | D:1      | Reached skill level 4 in Unarmed Combat
   828 | D:1      | Reached XP level 3. HP: 24/26 MP: 3/3
  1348 | D:2      | Reached ** piety under Trog
  1684 | D:2      | Reached XP level 4. HP: 31/31 MP: 4/4
  1880 | D:3      | Reached skill level 5 in Unarmed Combat
  2735 | D:4      | Reached XP level 5. HP: 18/36 MP: 5/5
  3082 | D:4      | Reached skill level 6 in Unarmed Combat
  3262 | D:4      | Reached XP level 6. HP: 39/42 MP: 6/6
  3280 | D:4      | Reached skill level 7 in Unarmed Combat
  3765 | D:4      | Found a radiant altar of Vehumet.
  4014 | D:5      | Entered Level 5 of the Dungeon
  4014 | D:5      | Found a stormy altar of Qazlal.
  4014 | D:5      | Noticed Grinder
  4020 | D:5      | Killed Grinder
  4020 | D:5      | Reached skill level 8 in Unarmed Combat
  4020 | D:5      | Reached XP level 7. HP: 46/46 MP: 7/7
  4281 | D:5      | Gained mutation: You are partially covered in iridescent
                  | scales. (AC +2) [potion of mutation]
  4281 | D:5      | Gained mutation: You can translocate small distances at
                  | will. [potion of mutation]
  4411 | D:5      | Noticed Dowan
  4414 | D:5      | Noticed Duvessa
  4421 | D:5      | Killed Duvessa
  4421 | D:5      | Reached skill level 9 in Unarmed Combat
  4427 | D:5      | Killed Dowan
  4532 | D:5      | Reached XP level 8. HP: 52/52 MP: 8/8
  4857 | D:6      | Reached skill level 10 in Unarmed Combat
  4875 | D:6      | Reached *** piety under Trog
  5271 | D:6      | Found a staircase to the Ecumenical Temple.
  5643 | D:6      | Reached skill level 5 in Dodging
  5667 | D:6      | Noticed Menkaure
  5670 | D:6      | Killed Menkaure
  5756 | D:6      | Reached XP level 9. HP: 56/56 MP: 9/9
  5963 | D:6      | Reached **** piety under Trog
  6070 | D:6      | Found a deep blue altar of Sif Muna.
  6070 | D:6      | Found a hide-covered altar of Uskayaw.
  6499 | D:7      | Noticed Joseph
  6505 | D:7      | Noticed Harold
  6514 | D:7      | Killed Joseph
  6518 | D:7      | Mangled by Harold

Vault maps used:
D:1:      ncdulo_halloftheorcs
D:2:      kennysheep_six_static_rooms, interstate_on_off
D:3:      wad_crossroads, first_ration
D:4:      vehumet_altar_wand_db
D:5:      grunt_qazlal_clouds, uniq_duvessa, uniq_grinder
D:6:      gammafunk_temple_overflow_statue, minmay_temple_entry_statues,
          serial_undead, serial_undead_b, serial_undead_f, serial_undead_d,
          serial_undead_b, minmay_door_square, uniq_menkaure
D:7:      grunt_temple_overflow_open, uniq_harold, uniq_joseph,
          uniq_crazy_yiuf_cottage

Skill      XL: |  1  2  3  4  5  6  7  8  9 |
---------------+----------------------------+-----
Unarmed Combat | 4 5 6 8 9 10 | 10.1
Dodging        | 6 8 |  8.8
Fighting       | |  3.0

Action                   |  1- 3 |  4- 6 |  7- 9 || total
-------------------------+-------+-------+-------++-------
Melee: Unarmed           |    75 |   100 |   168 ||   343
       Constrict         |    18 |    20 |    43 ||    81
       Tentacles         |    11 |    19 |    41 ||    71
       Punch             |     1 |     5 |    21 ||    27
Invok: Berserk           |       |     2 |     5 ||     7
       Trog's Hand       |       |     1 |     2 ||     3
  Use: Scroll            |     4 |     5 |     6 ||    15
       Potion            |       |       |     5 ||     5
 Stab: Sleeping          |     6 |     3 |    10 ||    19
  Eat: Chunk             |     2 |     8 |     8 ||    18
       Ration            |       |       |     2 ||     2
Armor: Skin              |     2 |     4 |    15 ||    21
Dodge: Dodged            |    49 |    57 |    98 ||   204

Table legend:
 A = Non-vault XP
 B = Vault XP
 C = Vault XP percentage of total XP
 D = Non-vault monster count
 E = Vault monster count
 F = Vault count percentage of total count
                 A         B        C        D         E       F
            +---------+---------+-------+---------+---------+-------
      Total |    2268 |    1385 |  37.9 |     120 |      26 |  17.8
            +---------+---------+-------+---------+---------+-------
        D:1 |      43 |       0 |   0.0 |      25 |       0 |   0.0
        D:2 |      32 |      16 |  33.3 |      13 |       6 |  31.6
        D:3 |      43 |      19 |  30.6 |      14 |       4 |  22.2
        D:4 |     320 |       2 |   0.6 |      18 |       1 |   5.3
        D:5 |     473 |     514 |  52.1 |      13 |       3 |  18.8
        D:6 |    1260 |     359 |  22.2 |      36 |      11 |  23.4
        D:7 |      97 |     475 |  83.0 |       1 |       1 |  50.0
            +---------+---------+-------+---------+---------+-------
